 Dungeon Crawl Stone Soup version 0.30-a0-996-ga6910c8ee8 (webtiles) character file.

Game seed: 6285539697388713221

3091 promet the Cleaver (level 9, -3/74 (78) HPs)
             Began as a Hill Orc Fighter on Apr 4, 2023.
             Was a Follower of Uskayaw.
             Slain by a wight
             ... wielding a +4 halberd
              (10 damage)
             ... on level 8 of the Dungeon.
             The game lasted 00:52:43 (10821 turns).

promet the Cleaver (Hill Orc Fighter)              Turns: 10821, Time: 00:52:43

HP:   -3/74 (78)    AC: 10    Str: 21    XL:     9   Next: 89%
MP:   9/9           EV: 10    Int: 14    God:    Uskayaw [*.....]
Gold: 531           SH:  5    Dex: 12    Spells: 8/8 levels left

rFire   . . .      SeeInvis .    a - +2 long sword (heavy)
rCold   . . .      Faith    .    c - +0 buckler
rNeg    . . .      Spirit   .    b - +1 scale mail
rPois   .          Reflect  .    y - +0 helmet
rElec   .          Rampage  .    (no cloak)
rCorr   .                        (no gloves)
Will    .....                    (no boots) Stlth
                                 (no amulet)
HPRegen 0.32/turn                v - +6 ring of intelligence
MPRegen 0.11/turn                (no ring)

@: lethally poisoned (-3 -> -7), slowed, drained, very slow
A: no striking features
a: Renounce Religion, Stomp


You were on level 8 of the Dungeon.
You worshipped Uskayaw.
Uskayaw was noncommittal.
You visited 2 branches of the dungeon, and saw 9 of its levels.

You collected 531 gold pieces.

Inventory:

Hand Weapons
 a - a +2 heavy long sword (weapon)
 f - a +1 dagger of speed
 j - a +0 trident
 A - a +3 mace
 B - a +1 war axe of flaming
Missiles
 d - 4 boomerangs
 e - 81 stones
 p - 20 poisoned darts
 q - 7 javelins (quivered)
 t - 2 throwing nets
Armour
 b - a +1 scale mail (worn)
 c - a +0 buckler (worn)
 y - a +0 helmet (worn)
Jewellery
 l - a ring of protection from fire
 v - a +6 ring of intelligence (left hand)
 x - a ring of resist corrosion
Wands
 g - a wand of roots (7)
 u - a wand of digging (1)
 E - a wand of flame (15)
Scrolls
 h - a scroll of magic mapping {unknown}
 o - a scroll of blinking
 z - a scroll of enchant armour
 C - a scroll of fear
 D - a scroll of teleportation
Potions
 i - a potion of magic
 k - 3 potions of ambrosia
 m - 5 potions of lignification
 n - 4 potions of brilliance
 r - a potion of berserk rage
 s - 2 potions of curing {unknown}
 w - 2 potions of might


   Skills:
 + Level 6.4 Fighting
 * Level 7.0 Long Blades
 + Level 9.8 Axes
 + Level 1.2 Throwing
 + Level 7.4 Armour
 + Level 2.6 Dodging
 + Level 1.5 Stealth
 + Level 4.5 Shields
 + Level 0.8 Evocations


You had 8 spell levels left.
You didn't know any spells.
Your spell library contained the following spells:

 Spells                   Type           Power      Damage    Failure   Level
 Lesser Beckoning         Tloc           0%         N/A       80%         2
 Dazzling Flash           Conj/Hex       0%         N/A       95%         3
 Gell's Gravitas          Tloc           0%         N/A       95%         3
 Inner Flame              Hex/Fire       0%         N/A       95%         3
 Summon Guardian Golem    Hex/Summ       0%         N/A       95%         3
 Teleport Other           Tloc           0%         N/A       95%         3
 Animate Dead             Necr           0%         N/A       100%        4
 Flame Wave               Conj/Fire      0%         2d4       100%        4
 Sticky Flame             Conj/Fire      0%         2d3       100%        4
 Agony                    Necr           0%         N/A       100%        5
 Borgnjor's Vile Clutch   Necr/Erth      0%         N/A       100%        5
 Silence                  Hex/Air        0%         N/A       100%        5
 Death Channel            Necr           0%         N/A       100%        6
 Dispersal                Tloc           0%         N/A       100%        6
 Orb of Destruction       Conj           0%         9d5       100%        7
 Spellforged Servitor     Conj/Summ      0%         N/A       100%        7


Dungeon Overview and Level Annotations

Branches:
Dungeon (8/15)             Temple (1/1) D:5
   Lair: D:8-11

Altars:
Ashenzari
Cheibriados
Dithmenos
Elyvilon
Fedhas
Gozag
Hepliaklqana
Kikubaaqudgha
Makhleb
Okawaru
Qazlal
Ru
Sif Muna
Trog
Uskayaw
Vehumet
Xom
Yredelemnul
Zin
The Shining One

Shops:
D:7 *


Message History

A wight comes into view. It is wielding a +4 halberd.
The kobold brigand throws a curare-tipped dart.
You block the curare-tipped dart.
The kobold brigand throws a curare-tipped dart.
The curare-tipped dart hits you.
You are poisoned.
You have difficulty breathing.
You feel yourself slow down.
You feel very sick.
You feel very sick.
You feel very sick.
You feel sick.
You feel sick.
You feel sick.
You feel sick.
You are no longer poisoned.
You feel yourself speed up.
The kobold brigand throws a curare-tipped dart.
The curare-tipped dart hits you.
You are poisoned.
You have difficulty breathing.
You feel yourself slow down.
You feel very sick.
The kobold brigand hits you with a +2 whip of distortion.
Space warps around you.
You slash the kobold brigand!
The kobold brigand is heavily wounded.
You feel very sick.
The kobold brigand hits you with a +2 whip of distortion.
Space warps horribly around you!
The wight hits you from afar with a +4 halberd.
You feel drained.
The kobold brigand hits you with a +2 whip of distortion.
Space warps around you.
* * * LOW HITPOINT WARNING * * *
The wight hits you from afar with a +4 halberd!
* * * LOW HITPOINT WARNING * * *
You feel drained.
* * * LOW HITPOINT WARNING * * *
The kobold brigand closely misses you.
The wight hits you from afar with a +4 halberd!
You die...

#.#...[............
#.#################
#.# #.# #.# #.# #.#
#.#### #.@K.#
####z# #.# #.#
####.####
####....z..#
#..'.......#
#.##.......#
#.##.......########


You could see a kobold brigand and a wight.

Vanquished Creatures
  Grinder (D:4)
  A hornet (D:6)
  Sigmund (D:2)
  A steam dragon (D:7)
  Menkaure (D:6)
  A water moccasin (D:7)
  2 black bears
  A sky beast (D:8)
  An ice beast (D:6)
  An ogre (D:6)
  3 phantoms
  2 kobold brigands (D:7)
  3 bullfrogs
  3 scorpions
  A howler monkey (D:7)
  5 hounds
  3 orc priests
  A gnoll bouda (D:7)
  2 jellies
  2 sleepcaps
  7 iguanas
  4 orc wizards
  Natasha (D:2)
  7 gnolls
  4 adders
  2 white imps
  2 ufetubi
  7 worms
  A dart slug (D:3)
  25 orcs
  8 endoplasms
  6 giant cockroaches
  5 goblins
  8 hobgoblins
  2 jackals (D:5)
  6 quokkas
  5 ball pythons
  3 bats (D:3)
  2 frilled lizards (D:1)
  19 kobolds
  8 rats
168 creatures vanquished.

Notes
Turn   | Place    | Note
-------+----------+-------------------------------------------
     0 | D:1      | promet the Hill Orc Fighter began the quest for the Orb.
     0 | D:1      | Reached XP level 1. HP: 19/19 MP: 1/1
   233 | D:1      | Reached XP level 2. HP: 27/27 MP: 2/2
   237 | D:1      | Reached skill level 3 in Axes
   478 | D:1      | Reached XP level 3. HP: 28/33 MP: 3/3
   847 | D:2      | You fall into a shaft and drop 1 floor!
   949 | D:2      | Noticed Sigmund
   953 | D:2      | Noticed Natasha
  1198 | D:2      | Killed Sigmund
  1199 | D:2      | Reached skill level 5 in Axes
  1199 | D:2      | Reached XP level 4. HP: 33/41 MP: 4/4
  1199 | D:2      | Reached XP level 5. HP: 37/47 MP: 5/5
  2254 | D:2      | Reached XP level 6. HP: 53/53 MP: 6/6
  2370 | D:2      | Killed Natasha
  2371 | D:2      | Reached skill level 6 in Axes
  3065 | D:3      | Reached skill level 1 in Dodging
  3665 | D:4      | Reached skill level 7 in Axes
  3665 | D:4      | Reached XP level 7. HP: 34/60 MP: 7/7
  3790 | D:4      | Noticed Grinder
  3799 | D:4      | Paralysed by Grinder for 3 turns
  3806 | D:4      | Killed Grinder
  3807 | D:4      | Reached skill level 5 in Fighting
  3807 | D:4      | Reached skill level 5 in Armour
  4255 | D:5      | Entered Level 5 of the Dungeon
  4264 | D:5      | Reached skill level 8 in Axes
  4670 | D:5      | Reached XP level 8. HP: 38/68 MP: 8/8
  4870 | D:5      | Found a hazy altar of Hepliaklqana.
  4870 | D:5      | Found a sacrificial altar of Ru.
  5200 | D:5      | Found a staircase to the Ecumenical Temple.
  5278 | Temple   | Entered the Ecumenical Temple
  5305 | Temple   | Became a worshipper of Uskayaw the Reveller
  5530 | D:6      | Reached * piety under Uskayaw
  5582 | D:6      | Reached ** piety under Uskayaw
  5585 | D:6      | Reached skill level 9 in Axes
  6109 | D:6      | Noticed Menkaure
  6116 | D:6      | HP: 3/69 [ogre/+0 giant spiked club (25)]
  6134 | D:6      | HP: 3/69 [Menkaure/nerve-wracking pain (3)]
  6699 | D:6      | Killed Menkaure
  6700 | D:6      | Reached skill level 1 in Long Blades
  6700 | D:6      | Reached skill level 1 in Stealth
  6769 | D:6      | Reached *** piety under Uskayaw
  7078 | D:6      | Reached XP level 9. HP: 75/75 MP: 9/9
  7317 | D:7      | Noticed a hornet
  7325 | D:6      | Killed a hornet
  7924 | D:7      | Found Gauroroq's Island Escapes.
  8094 | D:7      | Reached skill level 5 in Long Blades
  8094 | D:7      | Reached skill level 1 in Throwing
  8916 | D:7      | Found a stormy altar of Qazlal.
 10821 | D:8      | Slain by a wight

Illustrated notes

Levels and vault maps discovered:
D:1:      dpeg_arrival_castle, layout_rooms
D:2:      mumra_celtic_spiral_tile, layout_rooms, serial_rivers,
          chequers_serial_rivers_room_a, chequers_serial_rivers_marsh,
          chequers_serial_rivers_room_b, chequers_serial_rivers_small_b,
          roderic_st_hans_cross, chequers_arboretum, grunt_decor_mini_mirrors,
          uniq_natasha, uniq_sigmund
D:3:      layout_loops_ring
D:4:      layout_basic, uniq_grinder
D:5:      nicolae_cairo_tiling_very_big, layout_basic, jmf_multi_god_temple,
          minmay_temple_entry_hall, serial_corexii_hall, corexii_hall_statues_s,
          corexii_hall_statues_i, corexii_hall_statues_x,
          chequers_hall_statues_corner_a, nicolae_wormholes
D:6:      layout_basic, uniq_menkaure
D:7:      layout_loops_ring, nicolae_qazlal_style_of_elements,
          minmay_misc_feat_tiny, grunt_ministairs_14, st_stairs_7,
          minmay_misc_feat_tower, nicolae_island_escapes
D:8:      layout_basic, serial_glass, glass_columns_a, glass_columns_a,
          minmay_misc_feat_square, nicolae_underground_beach
Temple:   sentei_temple_godly_chess

Skill      XL: |  1  2  3  4  5  6  7  8  9 |
---------------+----------------------------+-----
Axes           | 3 5 7 8 9 |  9.8
Fighting       | 4 5 6 |  6.4
Armour         | 4 5 6 7 |  7.4
Dodging        | 1 2 |  2.6
Shields        | 4 |  4.5
Long Blades    | 2 7 |  7.0
Stealth        | 1 |  1.5
Throwing       | 1 |  1.2
Evocations     | |  0.8

Action                     |  1- 3 |  4- 6 |  7- 9 || total
---------------------------+-------+-------+-------++-------
  Melee: War axe           |    79 |    91 |   102 ||   272
         Long sword        |       |       |   205 ||   205
  Throw: Stone             |     2 |       |       ||     2
         Boomerang         |       |       |     9 ||     9
         Javelin           |       |       |     3 ||     3
  Evoke: Wand              |       |     1 |     4 ||     5
    Use: Scroll            |    10 |     3 |    10 ||    23
         Potion            |     1 |       |     4 ||     5
   Stab: Paralysed         |       |       |     2 ||     2
 Armour: Scale mail        |    27 |    33 |   136 ||   196
  Dodge: Dodged            |    23 |    36 |   150 ||   209
  Block: Buckler           |    25 |    16 |    58 ||    99

Table legend: (Time is in decaauts)
 A = Elapsed time spent in this place.
 B = Non-inter-level travel time spent in this place.
 C = Inter-level travel time spent in this place.
 D = Time resting spent in this place.
 E = Time spent auto-exploring this place.
 F = Levels seen in this place.
 G = Mean time per level.
                   A        B        C        D        E       F      G
               +--------+--------+--------+--------+--------+-----+--------+
         Total |  11074 |  10784 |    290 |   2660 |   2626 |   9 | 1230.4 |
       Dungeon |  11040 |  10750 |    290 |   2660 |   2626 |   8 | 1380.0 |
        Temple |     34 |     34 |      0 |      0 |      0 |   1 |   34.0 |
               +--------+--------+--------+--------+--------+-----+--------+

Top non-repeatable levels by time:
     D:7: 2198 daAuts
     D:6: 1916 daAuts
     D:5: 1550 daAuts
     D:2: 1345 daAuts
     D:1: 1143 daAuts
     D:8: 1038 daAuts
     D:4: 1033 daAuts
     D:3: 813 daAuts
  Temple: 34 daAuts
